 Dungeon Crawl Stone Soup version 0.24-a0-123-ga2403f3 (webtiles) character file.

Game seed: 0

581 XanderDroid the Chopper (level 7, -4/61 HPs)
             Began as a Minotaur Berserker on Feb 20, 2019.
             Was a Believer of Trog.
             Shot with an arrow by a centaur (8 damage)
             ... on level 6 of the Dungeon on Feb 22, 2019.
             The game lasted 00:14:56 (4483 turns).

XanderDroid the Chopper (Minotaur Berserker)        Turns: 4483, Time: 00:14:57

Health: -4/61      AC:  8    Str: 22    XL:     7   Next: 13%
Magic:  6/6        EV: 12    Int:  4    God:    Trog [**....]
Gold:   315        SH:  0    Dex: 11    Spells: 6/6 levels left

rFire    . . .     SeeInvis .   a - +0 hand axe
rCold    . . .     Gourm    .   (no shield)
rNeg     + . .     Faith    .   u - +0 ring mail
rPois    .         Spirit   .   (helmet restricted)
rElec    .         Reflect  .   b - +0 cloak
rCorr    .         Harm     .   x - +0 pair of gloves
MR       .....                  (no boots)
Stlth    +.........             (no amulet)
HPRegen  0.20/turn              t - ring of flight
MPRegen  0.10/turn              m - ring of positive energy

@: about to teleport
A: retaliatory headbutt, horns 2
a: Berserk, Trog's Hand, Renounce Religion, Evoke Flight


You were on level 6 of the Dungeon.
You worshipped Trog.
Trog was pleased with you.
You were not hungry.

You visited 2 branches of the dungeon, and saw 7 of its levels.

You collected 315 gold pieces.

Inventory:

Hand Weapons
 a - a +0 hand axe (weapon)
Armour
 b - a +0 cloak (worn)
 u - a +0 ring mail (worn)
 x - a +0 pair of gloves (worn)
Jewellery
 m - a ring of positive energy (right hand)
 t - a ring of flight (left hand)
Wands
 f - a wand of iceblast (11)
Scrolls
 d - a scroll of remove curse
 h - 4 scrolls of identify
 k - 4 scrolls of teleportation
 l - a scroll of immolation {unknown}
 p - a scroll of amnesia {unknown}
 v - a scroll of acquirement {unknown}
Potions
 e - 3 potions of heal wounds
 g - 3 potions of curing
 i - a potion of resistance {unknown}
 j - a potion of haste {unknown}
 n - 4 potions of lignification
 o - a potion of invisibility {unknown}
 r - a potion of degeneration {unknown}
 s - a potion of agility {unknown}
Comestibles
 c - 8 rations


   Skills:
 + Level 5.3 Fighting
 * Level 6.9 Axes
 + Level 4.7 Armour
 + Level 4.2 Dodging


You had 6 spell levels left.
You didn't know any spells.
Your spell library was empty.

Dungeon Overview and Level Annotations

Branches:
Dungeon (6/15)             Temple (1/1) D:4

Altars:
Ashenzari
Cheibriados
Dithmenos
Elyvilon
Fedhas
Gozag
Hepliaklqana
Kikubaaqudgha
Makhleb
Nemelex Xobeh
Okawaru
Qazlal
Ru
Sif Muna
Trog
Uskayaw
Vehumet
Wu Jian
Xom
Yredelemnul
Zin
The Shining One

Annotations:
D:6 Blork the orc


Innate Abilities, Weirdness & Mutations

You reflexively headbutt those who attack you in melee.
You have a pair of horns on your head.


Message History

Blork the orc casts a spell at you. The puff of flame misses you.
The centaur shoots an arrow.
The arrow hits you. Blork the orc barely misses you. You furiously retaliate!
You headbutt Blork the orc!
The centaur shoots an arrow.
The arrow hits you.
* * * LOW HITPOINT WARNING * * *
Blork the orc points at you and mumbles some strange words.
The magic dart hits you.
* * * LOW HITPOINT WARNING * * *
You closely miss Blork the orc. You headbutt Blork the orc.
Blork the orc is severely wounded.
Blork the orc hits you with a +0 long sword.
* * * LOW HITPOINT WARNING * * *
All of the chunks of flesh in your inventory have rotted away.
You completely miss Blork the orc. Your headbutt misses Blork the orc.
Blork the orc is severely wounded.
Blork the orc gestures at you while chanting.
The magic dart hits you!
* * * LOW HITPOINT WARNING * * *
The centaur shoots an arrow.
The arrow hits you!
You die...

....... #.# ...%...
#.# ....... #.#
......†##########.#
.......(..cw.....>#
#########.##.####.#
............# #.#
..<..###.#..####o#
... #.....c(@.# .
#.################
#...............<#
#.################
#.# #.# #.# #.# #.#


You could see Blork the orc and a centaur.

Vanquished Creatures
  An ogre (D:4)
  A bullfrog (D:6)
  A howler monkey (D:2)
  A crimson imp (D:5)
  A hound (D:2)
  Crazy Yiuf (D:3)
  An orc wizard (D:4)
  2 worker ants
  7 gnolls
  5 adders
  A shadow imp (D:5)
  An ooze (D:1)
  2 dart slugs
  A leopard gecko (D:5)
  7 orcs
  6 giant cockroaches
  12 goblins
  7 hobgoblins
  5 jackals
  13 kobolds
  6 quokkas
  7 bats
  5 frilled lizards
  A jackal skeleton (D:5)
  A leopard gecko skeleton (D:4)
  A quokka skeleton (D:5)
  6 rats
103 creatures vanquished.

Notes
Turn   | Place    | Note
-------+----------+-------------------------------------------
     0 | D:1      | XanderDroid the Minotaur Berserker began the quest for the
                  | Orb.
     0 | D:1      | Reached XP level 1. HP: 19/19 MP: 0/0
   162 | D:1      | Reached XP level 2. HP: 18/27 MP: 1/1
   274 | D:1      | Reached skill level 4 in Axes
   949 | D:2      | Reached XP level 3. HP: 32/33 MP: 2/2
  1062 | D:2      | Reached XP level 4. HP: 40/40 MP: 3/3
  1178 | D:2      | Reached ** piety under Trog
  1269 | D:2      | Reached skill level 5 in Axes
  1497 | D:3      | Reached XP level 5. HP: 47/47 MP: 4/4
  2139 | D:3      | Found a runed translucent door.
  2140 | D:3      | Noticed Crazy Yiuf
  2332 | D:3      | Killed Crazy Yiuf
  2616 | D:4      | Found a staircase to the Ecumenical Temple.
  2709 | D:4      | Reached XP level 6. HP: 52/55 MP: 5/5
  2737 | Temple   | Entered the Ecumenical Temple
  3058 | D:4      | Reached skill level 6 in Axes
  3571 | D:5      | Entered Level 5 of the Dungeon
  3806 | D:4      | Reached skill level 5 in Fighting
  4030 | D:5      | Found a blossoming altar of Fedhas.
  4448 | D:6      | Reached XP level 7. HP: 59/61 MP: 6/6
  4454 | D:6      | Noticed Blork the orc
  4483 | D:6      | Shot with an arrow by a centaur

Levels and vault maps discovered:
D:1:      ncdulo_wetmaze, layout_basic, minmay_misc_feat_enclosed
D:2:      layout_rooms, minmay_misc_feat_four_crosses
D:3:      minmay_angry_zag, layout_rooms, uniq_crazy_yiuf_cottage
D:4:      layout_gridville, minmay_temple_entry_water_ring
D:5:      layout_basic, kennysheep_mini, first_ration,
          ebering_dispersal_statue_hall, nrook_pool_corridor
D:6:      layout_basic, basic_altar, gup_ossuary_entry_pyramid,
          uniq_blork_the_orc
Temple:   kilobyte_greek_temple

Skill      XL: |  1  2  3  4  5  6 |
---------------+-------------------+-----
Axes           | 4 5 6 |  6.9
Fighting       | 4 5 |  5.3
Armour         | 3 4 |  4.7
Dodging        | 3 4 |  4.2

Action                   |  1- 3 |  4- 6 |  7- 9 || total
-------------------------+-------+-------+-------++-------
Melee: Hand axe          |    47 |   189 |    11 ||   247
       Headbutt          |    10 |    34 |     1 ||    45
Invok: Berserk           |       |     1 |       ||     1
  Use: Scroll            |       |    10 |     1 ||    11
 Stab: Invisible         |       |     1 |       ||     1
       Sleeping          |       |     1 |       ||     1
  Eat: Chunk             |       |    12 |       ||    12
Armor: Animal skin       |     3 |    18 |       ||    21
       Ring mail         |       |    32 |     6 ||    38
Dodge: Dodged            |    28 |   132 |     7 ||   167

Table legend:
 A = Non-vault XP
 B = Vault XP
 C = Vault XP percentage of total XP
 D = Non-vault monster count
 E = Vault monster count
 F = Vault count percentage of total count
                 A         B        C        D         E       F
            +---------+---------+-------+---------+---------+-------
      Total |     779 |      51 |   6.1 |      97 |       6 |   5.8
            +---------+---------+-------+---------+---------+-------
        D:1 |      30 |       0 |   0.0 |      15 |       0 |   0.0
        D:2 |     164 |       0 |   0.0 |      32 |       0 |   0.0
        D:3 |      98 |      51 |  34.2 |      27 |       6 |  18.2
        D:4 |     217 |       0 |   0.0 |      10 |       0 |   0.0
        D:5 |     172 |       0 |   0.0 |      11 |       0 |   0.0
        D:6 |      98 |       0 |   0.0 |       2 |       0 |   0.0
            +---------+---------+-------+---------+---------+-------
